 Dungeon Crawl Stone Soup version 0.22.1-2-g9c5b331 (webtiles) character file.

3304 Anon1729 the Shield-Bearer (level 9, 0/82 HPs)
             Began as a Deep Dwarf Fighter on Nov 14, 2018.
             Was a Priest of Makhleb.
             Hit by a tomahawk thrown by an orc warrior (8 damage)
             ... on level 8 of the Dungeon.
             The game lasted 00:21:19 (5923 turns).

Anon1729 the Shield-Bearer (Deep Dwarf Fighter)     Turns: 5923, Time: 00:21:20

Health: 0/82       AC: 14    Str: 27    XL:     9   Next: 70%
Magic:  11/11      EV:  8    Int: 10    God:    Makhleb [***...]
Gold:   481        SH: 15    Dex: 12    Spells: 8/8 levels left

rFire    . . .     SeeInvis .   a - +0 war axe
rCold    + . .     Gourm    .   H - +0 shield {reflect}
rNeg     . . .     Faith    .   b - +0 scale mail
rPois    .         Spirit   .   o - +2 helmet
rElec    .         Reflect  +   u - +0 cloak
rCorr    .         Harm     .   (no gloves)
MR       +....                  A - +0 pair of boots
Stlth    ..........             y - +4 amulet of reflection
HPRegen  0.00/turn              l - +5 ring of strength
MPRegen  0.12/turn              q - ring of protection from cold

@: non-regenerating
A: damage resistance, heal wounds, sense surroundings 2, no regeneration
a: Heal Wounds, Minor Destruction, Lesser Servant of Makhleb, Renounce Religion


You were on level 8 of the Dungeon.
You worshipped Makhleb.
Makhleb was most pleased with you.
You were not hungry.

You visited 2 branches of the dungeon, and saw 9 of its levels.

You collected 481 gold pieces.

Inventory:

Hand Weapons
 a - a +0 war axe (weapon)
 B - a +2 rapier of protection
Armour
 b - a +0 scale mail (worn)
 o - a +2 helmet (worn)
 u - a +0 cloak (worn)
 A - a +0 pair of boots (worn)
 H - a +0 shield of reflection (worn)
Jewellery
 l - a +5 ring of strength (left hand)
 q - a ring of protection from cold (right hand)
 w - an uncursed ring of wizardry
 x - an uncursed ring of positive energy
 y - a +4 amulet of reflection (around neck)
 E - an uncursed ring of flight
 K - an uncursed ring of stealth
Wands
 c - a wand of polymorph (5)
 v - a wand of acid (5)
 C - a wand of flame (11)
 G - a wand of random effects (31)
 M - a wand of iceblast (6)
 P - a wand of disintegration (17)
Scrolls
 e - 3 scrolls of amnesia {unknown}
 g - 2 scrolls of enchant weapon {unknown}
 i - 3 scrolls of remove curse {unknown}
 k - a scroll of fog {unknown}
 m - 4 scrolls of teleportation {unknown}
 p - 2 scrolls of random uselessness {unknown}
 r - 5 scrolls of identify {unknown}
 D - a scroll of blinking {unknown}
 F - 4 scrolls of immolation {unknown}
 I - a scroll of enchant armour {unknown}
 L - 2 scrolls of acquirement {unknown}
 N - 3 scrolls of vulnerability {unknown}
Potions
 d - 2 potions of might
 h - 3 potions of haste {unknown}
 j - 3 potions of curing {unknown}
 n - 2 potions of flight {unknown}
 s - 2 potions of agility {unknown}
 t - 2 potions of degeneration {unknown}
 z - a potion of lignification {unknown}
 J - a potion of mutation {unknown}
Comestibles
 f - 14 rations
 O - 10 chunks of flesh


   Skills:
 + Level 6.3 Fighting
 + Level 7.3 Axes
 + Level 7.6 Armour
 - Level 0.2 Dodging
 + Level 7.7 Shields
 + Level 4.8 Invocations
 + Level 4.9 Evocations


You had 8 spell levels left.
You didn't know any spells.
Your spell library contained the following spells:

 Spells                   Type           Power        Failure   Level  Hunger
 Freeze                   Ice            #...         89%         1    ##.....
 Throw Frost              Conj/Ice       #.....       96%         2    ###....
 Ozocubu's Armour         Chrm/Ice       #.......     99%         3    ####...
 Summon Ice Beast         Ice/Summ       #.......     100%        4    #####..
 Throw Icicle             Conj/Ice       #.......     100%        4    #####..


Dungeon Overview and Level Annotations

Branches:
Dungeon (8/15)             Temple (1/1) D:5
   Lair: D:8-11

Altars:
Ashenzari
Cheibriados
Dithmenos
Elyvilon
Fedhas
Hepliaklqana
Kikubaaqudgha
Makhleb
Nemelex Xobeh
Okawaru
Qazlal
Sif Muna
Trog
Uskayaw
Vehumet
Wu Jian
Xom
Yredelemnul
Zin
The Shining One


Innate Abilities, Weirdness & Mutations

You are resistant to damage.
You can heal yourself by infusing magical energy.
You passively map the area around you.
You do not regenerate.


Message History

a ring mail; a flail
There is a stone staircase leading down, spattered with blood here.
Items here: )) [[ a dagger; an embroidered robe; a scale mail; a war axe Search for what [Enter for "ego", or ? for help]? ego
(D) Dungeon (T) Temple
Where to? (Enter - D:7 @ (x,y), ? - help)
You climb downwards.
The orc warrior throws a tomahawk.
You reflect the tomahawk off your +0 shield of reflection!
The tomahawk hits the orc warrior!
The orc wizard gestures at you while chanting.
The puff of flame hits you!
* * * LOW HITPOINT WARNING * * *
The orc warrior throws a tomahawk.
The tomahawk hits you!
* * * LOW HITPOINT WARNING * * *
There is a stone staircase leading up, spattered with blood here.
You see here a tomahawk.
Okay, then.
A demon appears!
The orc warrior throws a tomahawk.
The tomahawk hits you!
You die...

, * * * ***, * ,, , ,* *
, ,#####################
** **
..............g.<).. *
#...............†... #,
#.........(o........
#...#.....o.............
#...'4.@................
#...#...................
* *# *
#..o................ ,
,,........#############
, .........'., ,, , ,,
...........#..,, ,, ,
...........#o.. ,
...........#,.# , **, ,
,* * * * ,** *


You could see an orc warrior, 2 orc wizards and a friendly hellwing.

Vanquished Creatures
  An elephant (D:7)
  Eustachio (D:4)
  3 ice beasts
  A sky beast (D:2)
  2 phantoms
  3 orc warriors
  3 ogres
  A scorpion (D:6)
  A killer bee (D:7)
  8 howler monkeys
  2 crimson imps
  A quasit (D:7)
  2 bullfrog zombies
  2 jellies
  6 hounds
  7 orc priests
  8 orc wizards
  An iguana (D:4)
  Natasha (thrice) (D:2)
  2 worker ants
  Robin (D:2)
  4 gnolls
  9 adders
  4 oozes
  An adder zombie (D:6)
  An adder skeleton (D:6)
  5 worms
  2 dart slugs
  2 leopard geckos
  44 orcs
  11 bats
  5 giant cockroaches
  17 goblins
  8 hobgoblins
  10 jackals
  5 kobolds
  7 quokkas
  2 ball pythons
  4 frilled lizards
  A jackal skeleton (D:4)
  A quokka skeleton (D:4)
  A quokka zombie (D:5)
  4 rats
207 creatures vanquished.

Vanquished Creatures (others)
  2 orcs
2 creatures vanquished.

Grand Total: 209 creatures vanquished

Notes
Turn   | Place    | Note
-------+----------+-------------------------------------------
     0 | D:1      | Anon1729 the Deep Dwarf Fighter began the quest for the
                  | Orb.
     0 | D:1      | Reached XP level 1. HP: 20/20 MP: 1/1
   223 | D:1      | Reached XP level 2. HP: 27/27 MP: 2/2
   939 | D:2      | Noticed Natasha
   953 | D:2      | Reached XP level 3. HP: 22/33 MP: 3/3
   973 | D:2      | Killed Natasha
   990 | D:2      | Noticed Robin
  1020 | D:2      | Reached XP level 4. HP: 41/42 MP: 4/4
  1046 | D:2      | Killed Robin
  1173 | D:2      | Noticed Natasha
  1180 | D:2      | Killed Natasha
  1201 | D:2      | Noticed Natasha
  1212 | D:2      | Killed Natasha
  1212 | D:2      | Reached XP level 5. HP: 35/49 MP: 5/5
  1240 | D:2      | Noticed a sky beast
  1250 | D:2      | Killed a sky beast
  1552 | D:3      | Reached XP level 6. HP: 32/57 MP: 6/6
  1777 | D:3      | Noticed an orc warrior
  1788 | D:3      | Killed an orc warrior
  1801 | D:3      | Reached skill level 5 in Shields
  2205 | D:4      | Reached skill level 5 in Armour
  2303 | D:4      | Noticed an orc warrior
  2369 | D:4      | Reached XP level 7. HP: 17/64 MP: 7/7
  2449 | D:4      | Noticed Eustachio
  2503 | D:4      | Killed Eustachio
  2503 | D:4      | Reached skill level 5 in Axes
  2793 | D:4      | Reached XP level 8. HP: 18/73 MP: 8/8
  2824 | D:4      | Reached skill level 5 in Fighting
  3004 | D:4      | Found an ornate altar of the Wu Jian Council.
  3144 | D:5      | Entered Level 5 of the Dungeon
  3243 | D:5      | Found a staircase to the Ecumenical Temple.
  3265 | Temple   | Entered the Ecumenical Temple
  3335 | Temple   | Became a worshipper of Makhleb the Destroyer
  3608 | D:5      | Reached skill level 1 in Invocations
  3608 | D:5      | Reached skill level 1 in Evocations
  4237 | D:6      | Reached * piety under Makhleb
  4566 | D:6      | Found a sparkling altar of Nemelex Xobeh.
  4861 | D:7      | Noticed a hippogriff
  4867 | D:7      | Noticed an elephant
  4867 | D:7      | a hippogriff changed into an elephant
  4881 | D:7      | Found a basalt altar of Yredelemnul.
  4902 | D:7      | Found a stormy altar of Qazlal.
  4951 | D:7      | Gained mutation: You passively map the area around you.
                  | [Deep Dwarf growth]
  4951 | D:7      | Reached XP level 9. HP: 32/82 MP: 10/10
  5047 | D:7      | Killed an elephant
  5179 | D:7      | Reached ** piety under Makhleb
  5891 | D:7      | Reached *** piety under Makhleb
  5923 | D:8      | Hit by a tomahawk thrown by an orc warrior

Skill      XL: |  1  2  3  4  5  6  7  8  9 |
---------------+----------------------------+-----
Fighting       | 3 4 5 6 |  6.3
Axes           | 3 4 5 6 7 |  7.3
Shields        | 4 5 6 7 |  7.7
Armour         | 4 5 6 7 |  7.6
Invocations    | 3 4 |  4.8
Evocations     | 3 4 |  4.9
Dodging        | |  0.2

Action                   |  1- 3 |  4- 6 |  7- 9 || total
-------------------------+-------+-------+-------++-------
Melee: War axe           |    87 |   196 |   380 ||   663
Invok: Lesser Servant of |       |       |     1 ||     1
 Abil: Heal Wounds       |     1 |     2 |     3 ||     6
Evoke: Wand              |       |     1 |    36 ||    37
  Eat: Chunk             |       |     5 |    13 ||    18
Armor: Scale mail        |    37 |    94 |   175 ||   306
Dodge: Dodged            |    31 |    55 |   115 ||   201
Block: Shield            |    55 |   135 |   375 ||   565
       Reflection        |       |       |    11 ||    11
